 Dungeon Crawl Stone Soup version 0.26.1-11-gd32895ea62 (webtiles) character file.

Game seed: 9938735170145642586

26 Zeld the Sneak (level 3, -1/24 HPs)
             Began as an Octopode Brigand on May 16, 2021.
             Slain by a worker ant (7 damage)
             ... on level 4 of the Dungeon.
             The game lasted 00:00:44 (884 turns).

Zeld the Sneak (Octopode Brigand)                    Turns: 884, Time: 00:00:45

Health: -1/24      AC:  1    Str: 11    XL:     3   Next: 8%
Magic:  4/4        EV: 13    Int: 13    God:
Gold:   34         SH:  0    Dex: 13    Spells: 4/4 levels left

rFire    . . .     SeeInvis .   a - +2 dagger
rCold    . . .     Faith    .   (no shield)
rNeg     . . .     Spirit   .   (helmet restricted)
rPois    .         Reflect  .   (no amulet)
rElec    .         Harm     .   (no ring)
rCorr    .         Rampage  .   (no ring)
Will     .....                  (no ring)
Stlth    ++++......             (no ring)
HPRegen  0.08/turn              (no ring)
MPRegen  0.09/turn              (no ring)
                                (no ring)
                                (no ring)

@: lethally poisoned (-1 -> -3)
A: almost no armour, stealthy swim, amphibious, 8 rings, constrict 8, camouflage
1, gelatinous body 1
a: no special abilities


You were on level 4 of the Dungeon.
You visited 1 branch of the dungeon, and saw 4 of its levels.

You collected 34 gold pieces.

Inventory:

Hand Weapons
 a - a +2 dagger (weapon)
Missiles
 b - 8 poisoned darts (quivered)
 c - 2 curare-tipped darts
Jewellery
 f - an uncursed ring of see invisible
Scrolls
 e - a scroll of enchant armour {unknown}
Potions
 d - a potion of curing {unknown}
 g - a potion of ambrosia {unknown}


   Skills:
 - Level 2.0 Fighting
 - Level 2.0 Short Blades
 * Level 3.0 Throwing
 - Level 1.0 Dodging
 - Level 5.3 Stealth
 + Level 1.2 Spellcasting


You had 4 spell levels left.
You didn't know any spells.
Your spell library was empty.

Dungeon Overview and Level Annotations

Branches:
Dungeon (4/15)
 Temple: D:4-7

Altars:
Cheibriados

Annotations:
D:2 Robin


Innate Abilities, Weirdness & Mutations

You cannot wear most types of armour.
You are very stealthy in the water. (Stealth+)
You are amphibious.
You can wear up to eight rings at the same time.
You can use your tentacles to constrict eight enemies at once.
Your skin changes colour to match your surroundings (Stealth+).
Your rubbery body absorbs attacks. (AC +1, EV +1)


Message History

The worker ant poisons you!
You barely miss the worker ant.
The worker ant is severely wounded.
You constrict the worker ant, but do no damage.
You feel sick. The worker ant closely misses you.
The bullfrog skeleton completely misses you.
You are too injured to fight recklessly!
You are too injured to fight recklessly!
You release your grip on the worker ant.
You feel sick. The bullfrog skeleton hits you.
You feel sick.
The worker ant waves its antennae.
You feel sick.
You feel sick.
You hit the worker ant. Your grab misses the worker ant.
You squeeze the worker ant, but do no damage.
The worker ant is almost dead.
The worker ant bites you!
You die...

##############......s
...........Z.†...♣
........######.......
#######.# #♣.<.♣# ###
#.# ..# ..# #.# ##
#.# #Z# #.# #B#
#.####@####
#.........#
#.####.##.# #.####...
.. ###.##...#####.###
.....)......# #
##.####.#.#.# #.#.#.#
# #.#.#.###.#


You could see a worker ant and a bullfrog skeleton.

Vanquished Creatures
  An adder (D:2)
  An ooze (D:2)
  2 leopard geckos
  A giant cockroach (D:4)
  3 goblins (D:2)
  A hobgoblin (D:2)
  A frilled lizard (D:1)
  A rat (D:3)
11 creatures vanquished.

Notes
Turn   | Place    | Note
-------+----------+-------------------------------------------
     0 | D:1      | Zeld the Octopode Brigand began the quest for the Orb.
     0 | D:1      | Reached XP level 1. HP: 14/14 MP: 1/1
   153 | D:2      | Reached XP level 2. HP: 19/19 MP: 1/3
   197 | D:2      | Noticed Robin
   200 | D:2      | Reached skill level 1 in Spellcasting
   213 | D:2      | Found a snail-covered altar of Cheibriados.
   827 | D:4      | Reached XP level 3. HP: 23/24 MP: 4/4
   867 | D:4      | Noticed a scorpion
   884 | D:4      | Slain by a worker ant

Illustrated notes

Levels and vault maps discovered:
D:1:      nzn_arrival_crosshair, layout_basic
D:2:      layout_loops_corners, fedhas_altar_4, cheibriados_altar_1, uniq_robin,
          uniq_natasha
D:3:      layout_basic
D:4:      layout_loops_ring, serial_shops, shop, grunt_ministairs_7,
          uniq_menkaure, uniq_sigmund

Skill      XL: |  1  2 |
---------------+-------+-----
Spellcasting   | 1 |  1.2
Throwing       | 3 |  3.0
Fighting       | |  2.0
Short Blades   | |  2.0
Dodging        | |  1.0
Stealth        | |  5.3

Action                   || total
-------------------------++-------
Melee: Dagger            ||    27
       Constrict         ||     5
       Tentacles         ||     4
 Stab: Sleeping          ||     1
Armor: Skin              ||     1
Dodge: Dodged            ||    26
